 Dungeon Crawl Stone Soup version 0.31.0-32-g396128a36d (webtiles) character file.

Game seed: 7334996882148268744

91 wildpjah the Slasher (level 4, -1/34 HPs)
             Began as a Merfolk Gladiator on Apr 11, 2024.
             Slain by a gnoll bouda
             ... wielding a +0 club
              (4 damage)
             ... on level 3 of the Dungeon.
             The game lasted 00:03:30 (1736 turns).

wildpjah the Slasher (Merfolk Gladiator)            Turns: 1736, Time: 00:03:31

Health: -1/34      AC:  9    Str: 14    XL:     4   Next: 59%
Magic:  4/4        EV:  8    Int:  7    God:
Gold:   93         SH:  0    Dex: 17    Spells: 3/3 levels left

rFire   . . .        a - +0 long sword
rCold   . . .        (no shield)
rNeg    . . .        m - +0 chain mail
rPois   .            c - +0 helmet
rElec   .            (no cloak)
rCorr   .            (no gloves)
SInv    .            (no boots)
Will    .....        (no amulet) Stlth
                     (no ring)
HPRegen 0.25/turn    (no ring)
MPRegen 0.09/turn

%: no passive effects
@: hasted, very quick
A: (nimble swimmer 2), mertail
a: no special abilities


You were on level 3 of the Dungeon.
You visited 1 branch of the dungeon, and saw 3 of its levels.

You collected 93 gold pieces.

Inventory:

Hand Weapons
 a - a +0 long sword (weapon)
 h - a +0 dagger
 k - a +3 dagger
Missiles
 d - 3 throwing nets (quivered)
 e - 6 javelins
 f - 2 poisoned darts
Armour
 b - a +0 leather armour
 c - a +0 helmet (worn)
 m - a +0 chain mail (worn)
Scrolls
 i - 3 scrolls of identify {unknown}
 n - a scroll of enchant weapon {unknown}
 p - a scroll of noise {unknown}
Potions
 g - a potion of haste
 j - a potion of attraction {unknown}
 l - 2 potions of mutation {unknown}
 o - a potion of enlightenment {unknown}
 q - 2 potions of curing {unknown}
 r - a potion of brilliance {unknown}


   Skills:
 + Level 2.9 Fighting
 + Level 4.9 Long Blades
 + Level 2.4 Throwing
 + Level 0.5 Armour
 + Level 4.7 Dodging


You had 3 spell levels left.
You didn't know any spells.
Your spell library contained the following spells:

 Spells                   Type           Power      Damage    Failure   Level
 Ozocubu's Armour         Ice            0%         N/A       100%        3
 Metabolic Englaciation   Hex/Ice        0%         N/A       100%        5
 Sculpt Simulacrum        Ice/Alch       0%         N/A       100%        6


Dungeon Overview and Level Annotations

Branches:
Dungeon (3/15)

Altars:


Innate Abilities, Weirdness & Mutations

((You are very nimble when in or above water. (Stealth+, EV+, Speed+++)))
Your lower body shifts to a powerful aquatic tail in water.


Message History

The gnoll bouda hits you but does no damage.
The gnoll bouda hits you with a +0 club.
* * * LOW HITPOINT WARNING * * *
You hit the gnoll bouda but do no damage.
The gnoll bouda is heavily wounded.
The gnoll bouda hits you but does no damage.
You hit the gnoll bouda but do no damage.
The gnoll bouda is heavily wounded.
The gnoll bouda misses you.
You hit the gnoll bouda but do no damage.
The gnoll bouda is heavily wounded.
The gnoll bouda hits you with a +0 club.
* * * LOW HITPOINT WARNING * * *
You hit the gnoll bouda but do no damage.
The gnoll bouda is heavily wounded.
The gnoll bouda barely misses you.
You hit the gnoll bouda.
The gnoll bouda is heavily wounded.
The gnoll bouda barely misses you.
You hit the gnoll bouda.
The gnoll bouda is severely wounded.
Your attacks no longer feel as feeble.
The gnoll bouda hits you but does no damage.
You hit the gnoll bouda.
The gnoll bouda is almost dead.
The gnoll is no longer moving quickly.
The gnoll bouda prays to its god.
The gnoll bouda is healed somewhat.
The gnoll bouda barks out a call to the hunt!
The gnoll picks up the pace!
Unknown command.
It was a potion of haste.
You feel yourself speed up.
The gnoll bouda hits you with a +0 club!
* * * LOW HITPOINT WARNING * * *
You completely miss the gnoll bouda.
The gnoll bouda is heavily wounded.
You hit the gnoll bouda but do no damage.
The gnoll bouda is heavily wounded.
The gnoll bouda hits you with a +0 club.
You die...

P...P.. ..PPg..#
.....gg#
....P..#
PP.P...# #######
.....# ......#
#.o##......# #
#.gg@......#
#.###..##.......
#..........)....
####.<..........
#...........#
#............
#...........#
#...........#
####...######


You could see a gnoll bouda, a gnoll (swift) and an orc.

Vanquished Creatures
  2 gnolls (D:3)
  3 adders
  A dart slug (D:1)
  4 ball pythons
  2 bats
  7 endoplasms (D:1)
  5 giant cockroaches
  A goblin (D:1)
  3 hobgoblins
  2 quokkas (D:2)
  3 frilled lizards
  4 kobolds
  4 rats
41 creatures vanquished.

Notes
Turn   | Place    | Note
-------+----------+-------------------------------------------
     0 | D:1      | wildpjah the Merfolk Gladiator began the quest for the Orb.
     0 | D:1      | Reached XP level 1. HP: 16/16 MP: 1/1
   461 | D:1      | Reached XP level 2. HP: 23/23 MP: 2/2
   760 | D:1      | Reached XP level 3. HP: 28/28 MP: 3/3
  1297 | D:2      | Reached XP level 4. HP: 30/34 MP: 4/4
  1736 | D:3      | Slain by a gnoll bouda

Illustrated notes

Levels and vault maps discovered:
D:1:      ncdulo_smallfort, layout_basic, hangedman_decor_lopped
D:2:      layout_loops_ring, minmay_small_reverse_x
D:3:      layout_rooms, mainiacjoe_overflow_24_doors, bloody_makhleb,
          overflow_temple_1_default, hellmonk_ecumenical_altar_arch_garden,
          serial_shops, shop, nicolae_grassy_gnolls

Skill      XL: |  1  2  3 |
---------------+----------+-----
Long Blades    | 4 |  4.9
Fighting       | |  2.9
Throwing       | |  2.4
Armour         | |  0.5
Dodging        | |  4.7

Action                     |  1- 3 |  4- 6 || total
---------------------------+-------+-------++-------
  Melee: Long sword        |   103 |    47 ||   150
         Punch             |     2 |       ||     2
    Use: Potion            |       |     1 ||     1
 Armour: Leather armour    |    33 |       ||    33
         Chain mail        |    30 |    37 ||    67
  Dodge: Dodged            |    47 |    13 ||    60
